Minoru, lawful male human Samurai -... ....... .G...... ....)@... ....--- . . --- Minoru the Ronin Experience level: 5 Strength: 17 Dexterity: 16 Constitution: 18 Intelligence: 11 Wisdom: 7 Charisma: 6 Health: 0(44) Energy: 17(17) Def: 6 Gold: 468 Moves: 1517 Dungeon seed: IWNRz4QUiTrn_7qv Game ID: Minoru_1430130212 Your Inventory: Coins $ - 468 gold pieces Weapons a - a +0 katana (weapon in hand) b - a +2 wakizashi c - a burnt +1 yumi (alternate weapon; not wielded) d - 50 +0 ya (in quiver) f - 12 +0 shuriken w - 17 +0 arrows A - 11 +0 shuriken J - a +0 elven bow Armor e - an uncursed rustproof +0 splint mail (being worn) Comestibles F - an uncursed slime mold K - an uncursed gunyoki Scrolls B - an uncursed scroll of magic mapping Potions j - an uncursed potion of blindness p - an uncursed potion of water u - an uncursed potion of confusion H - an uncursed potion of sake Rings n - an uncursed ring of slow digestion v - a blessed +2 ring of adornment Wands h - a wand of cancellation (0:4) Tools k - a crystal ball (0:3) l - an uncursed skeleton key m - an uncursed towel x - 6 uncursed wax candles (0:400) z - 9 uncursed partly used tallow candles (lit) (0:186) Gems q - an uncursed worthless piece of orange glass r - 2 uncursed worthless pieces of yellowish brown glass y - 2 uncursed worthless pieces of green glass L - an uncursed worthless piece of white glass M - an uncursed diamond N - 4 uncursed fluorite stones O - an uncursed worthless piece of yellow glass Y - 2 uncursed worthless pieces of blue glass Spells known in the end: Name Level Category Fail Memory Your skills at the end: Fighting Skills martial arts [Basic] Weapon Skills short sword [Basic] long sword [Basic] bow [Basic] shuriken [Basic] Spellcasting Skills Final Attributes: You were fervently aligned. You were poison resistant. You were fast. You are dead. Vanquished creatures: 2 gnome lords a gnomish wizard a red naga hatchling a ghoul a little dog a floating eye a dwarf a hobbit a hobgoblin a yellow mold 2 red molds 18 gnomes 6 jackals 2 grid bugs 3 lichens a kobold zombie a newt 44 creatures vanquished. Voluntary challenges: You were an atheist. You used a wielded weapon 44 times, starting on turn 194. You were illiterate. You never genocided any monsters. You never polymorphed an object. You never changed form. You used no wishes. You never split a pudding. You never wrote Elbereth's name. You violated your moral code, losing 1 point of alignment, starting on turn 1444. Dungeon overview: The Dungeons of Doom: levels 1 to 4 Level 1 a long staircase Level 2 a fountain Level 3 a fountain stairs to The Gnomish Mines Level 4 The Gnomish Mines: levels 4 to 6 Level 4 stairs to The Dungeons of Doom Level 5 Level 6 <- You were here History has recorded: On T:1 you entered the Dungeons of Doom to retrieve the Amulet of Yendor! On T:263 you reached level 2 of The Dungeons of Doom. On T:594 you reached level 3 of The Dungeons of Doom. On T:698 you reached level 4 of The Dungeons of Doom. On T:884 you reached level 1 of The Gnomish Mines. On T:889 you advanced to experience level 2. On T:904 you advanced to experience level 3. On T:908 you reached level 2 of The Gnomish Mines. On T:994 you advanced to experience level 4. On T:1234 you reached level 3 of The Gnomish Mines. On T:1276 you advanced to experience level 5. Score breakdown: Gold: 468 ( 9086 points) Experience: 5 levels (11141 points) Exploration: 6 levels ( 11.54%) ( 9393 points) Discoveries: 1 item ( 0.40%) ( 1908 points) Valuables value: (no points given unless you survive) Artifact value: 0 ( 0 points) Variety of kills: 17 monsters ( 4.49%) ( 6353 points) Time penalty: 1517 turns ( 0 points) Survival: died (score multiplied by 80%) Total score: 30304 Latest messages: You have a little trouble lifting L - a white gem. You have a little trouble lifting M - a white gem. You have a little trouble lifting O - a yellow gem. Your movements are slowed slightly because of your load. Pick an object. Human samurai called Minoru on the floor of a room. Pick an object. Never mind. You are hit by a crossbow bolt. You are hit by a crossbow bolt! You hear the howling of the CwnAnnwn... You are hit by a crossbow bolt! You die... Final status: Sayonara Minoru the Samurai, killed by a crossbow bolt... You died in The Gnomish Mines on dungeon level 6 with 30304 points, and 468 pieces of gold, after 1517 moves. You were level 5 with a maximum of 44 hit points when you died.